 Dungeon Crawl Stone Soup version 0.29-a0-362-g5854e031c7 (webtiles) character file.

Game seed: 13137868468712899151

7 spaghetti the Slasher (level 2, 4/24 HPs)
             Began as a Formicid Berserker on Apr 29, 2022.
             Was a Follower of Trog.
             Quit the game on level 1 of the Dungeon.
             The game lasted 00:00:28 (166 turns).

spaghetti the Slasher (Formicid Berserker)           Turns: 166, Time: 00:00:29

Health: 4/24       AC:  2    Str: 21    XL:     2   Next: 10%
Magic:  2/2        EV:  9    Int:  6    God:    Trog [*.....]
Gold:   8          SH:  0    Dex: 10    Spells: 1/1 levels left

rFire   . . .      SeeInvis +   a - +0 falchion {long}
rCold   . . .      Faith    .   (no shield)
rNeg    . . .      Spirit   .   b - +0 animal skin
rPois   .          Reflect  .   (helmet unavailable)
rElec   .          Harm     .   (no cloak)
rCorr   .          Rampage  .   (no gloves)
Will    .....                   (no boots)
Stlth   +.........              (no amulet)
HPRegen 0.08/turn               (no ring)
MPRegen 0.08/turn               (no ring)

@: constricted
A: permanent stasis, dig shafts and tunnels, antennae 3, four strong arms
a: Dig, Shaft Self, Renounce Religion


You were on level 1 of the Dungeon.
You worshipped Trog.
Trog was aware of your devotion.
You visited 1 branch of the dungeon, and saw 1 of its levels.

You collected 8 gold pieces.


Innate Abilities, Weirdness & Mutations

You cannot be hasted, slowed, berserked, paralysed or teleported.
You can dig through walls and to a lower floor.
You have a pair of large antennae on your head. (SInv)
Your four strong arms can wield two-handed weapons with a shield.


   Skills:
 - Level 3.2 Fighting
 + Level 3.3 Long Blades
 - Level 2.1 Armour
 + Level 2.1 Dodging


You had one spell level left.
You didn't know any spells.
Your spell library was empty.

Inventory:

Hand Weapons
 a - a +0 falchion (weapon) {long}
Missiles
 g - 2 stones {throwing}
 i - 2 poisoned darts {throwing}
Armour
 b - a +0 animal skin (worn)
Scrolls
 c - a scroll of identify {unknown}
 d - a scroll of teleportation {unknown}
 f - a scroll of magic mapping {unknown}
 j - a scroll of immolation {unknown}
Potions
 e - a potion of ambrosia {unknown}
 h - a potion of curing {unknown}

Dungeon Overview and Level Annotations

Branches:
Dungeon (1/15)

Altars:

#.......#
###^......##..
#..)......##.#
#.#.......##.#
#.#.......##.#
#.#.......##?#
#.####.#####.#
#.#
#.#####.####.##
#.#
#......@S......
##.#
#.......g......
#..#
##>###..####.#.
#.## #.# #!##
#.# #.# #.# #.#
#.# #.# #.# #.#
#.. #.# #.# ###
#.#


You could see a goblin and a ball python.


Message History

j - a scroll labelled FOARGHUIRCHY You sense a monster nearby.
You sense a monster nearby. 2 goblins come into view.
The goblin shouts!
You hear an angry hiss.
A frilled lizard comes into view.
A goblin comes into view. It is wielding a +0 dagger.
You hit the frilled lizard. You punch the frilled lizard.
You kill the frilled lizard!
Trog accepts your kill.
You slash the goblin!
You kill the goblin!
Trog accepts your kill.
You slash the goblin!
You kill the goblin!
Trog accepts your kill.
Your Dodging skill increases to level 2!
You hit the goblin.
You kill the goblin!
Trog accepts your kill.
You have reached level 2! 😎 HP[+6] MP[+1]
You now have 24 max hp (+6).
Your hp is fully restored (24).
Your mp is fully restored (2).
Items here: ))) †††.
Found a stone staircase leading down.
A giant cockroach comes into view.
A giant cockroach is nearby!
A giant cockroach is nearby!
A goblin comes into view. It is wielding a +0 dagger.
The goblin shouts!
The giant cockroach bites you but does no damage.
A ball python comes into view.
The ball python hisses angrily.
You hit the giant cockroach but do no damage.
The giant cockroach misses you. The giant cockroach closely misses you.
You barely miss the giant cockroach. The goblin hits you but does no damage.
The giant cockroach barely misses you.
You hit the giant cockroach. The goblin hits you with a +0 dagger.
The giant cockroach barely misses you. The goblin closely misses you.
The giant cockroach bites you but does no damage. 😕 HP[-3]
You take 3 damage, and now have 21/24 hp.
You are too injured to fight recklessly!
You are too injured to fight recklessly!
You are too injured to fight recklessly!
You are too injured to fight recklessly!
You are too injured to fight recklessly!
You are too injured to fight recklessly!
You are too injured to fight recklessly!
You are too injured to fight recklessly!
You are too injured to fight recklessly!
You are too injured to fight recklessly!
You are too injured to fight recklessly!
You are too injured to fight recklessly!
You are too injured to fight recklessly!
You are too injured to fight recklessly!
You are too injured to fight recklessly!
You are too injured to fight recklessly!
Unknown command.
You hit the giant cockroach.
You kill the giant cockroach!
Trog accepts your kill. The goblin hits you with a +0 dagger.
The ball python misses you.
The ball python barely misses you. 😕 HP[-2]
You take 2 damage, and now have 19/24 hp.
You closely miss the goblin. The ball python misses you.
The ball python barely misses you.
The goblin hits you with a +0 dagger. 😮 HP[-2]
You take 2 damage, and now have 17/24 hp.
You closely miss the goblin. The ball python bites you.
The ball python grabs you. The ball python constricts you.
The goblin hits you with a +0 dagger. 😮 HP[-4]
You take 4 damage, and now have 13/24 hp.
You hit the goblin but do no damage. The ball python bites you.
* * * LOW HITPOINT WARNING * * *
The ball python constricts you. The goblin hits you with a +0 dagger.
* * * LOW HITPOINT WARNING * * *
The ball python bites you but does no damage.
The ball python constricts you. 😨 HP[-4]
You take 4 damage, and now have 9/24 hp.
Unknown command.
Unknown command.
You barely miss the goblin. The goblin hits you with a +0 dagger.
* * * LOW HITPOINT WARNING * * *
The ball python bites you but does no damage.
The ball python constricts you.
* * * LOW HITPOINT WARNING * * *
😱 HP[-3]
You take 3 damage, and now have 6/24 hp.
You barely miss the goblin. The ball python barely misses you.
The ball python constricts you. The goblin hits you with a +0 dagger.
* * * LOW HITPOINT WARNING * * *
The ball python barely misses you.
The ball python constricts you. 😱 HP[-2]
You take 2 damage, and now have 4/24 hp.
Are you sure you want to abandon this character and quit the game? (Confirm with "yes".)

Skill      XL: |  1 |
---------------+----+-----
Dodging        | 2 |  2.1
Fighting       | |  3.2
Long Blades    | |  3.3
Armour         | |  2.1

Action                   || total
-------------------------++-------
Melee: Falchion          ||    15
       Punch             ||     1
Armor: Animal skin       ||     5
Dodge: Dodged            ||    12

Levels and vault maps discovered:
D:1:      lightli_arrival_noodles, layout_loops_ring,
          ebering_ecumenical_altar_rust, minmay_misc_feat_square

Notes
Turn   | Place    | Note
-------+----------+-------------------------------------------
     0 | D:1      | spaghetti the Formicid Berserker began the quest for the
                  | Orb.
     0 | D:1      | Reached XP level 1. HP: 18/18 MP: 1/1
     0 | D:1      | magus.rc [v1.9.6]
   143 | D:1      | Reached skill level 2 in Dodging
   144 | D:1      | Reached XP level 2. HP: 24/24 MP: 2/2
   164 | D:1      | HP: 6/24 [constriction (1)]
   166 | D:1      | Quit the game

Vanquished Creatures
  A giant cockroach (D:1)
  3 goblins (D:1)
  A bat (D:1)
  A frilled lizard (D:1)
  A kobold (D:1)
7 creatures vanquished.

Table legend:
 A = Non-vault XP
 B = Vault XP
 C = Vault XP percentage of total XP
 D = Non-vault monster count
 E = Vault monster count
 F = Vault count percentage of total count
                 A         B        C        D         E       F
            +---------+---------+-------+---------+---------+-------
      Total |      11 |       0 |   0.0 |       7 |       0 |   0.0
            +---------+---------+-------+---------+---------+-------
        D:1 |      11 |       0 |   0.0 |       7 |       0 |   0.0
            +---------+---------+-------+---------+---------+-------

Illustrated notes

Table legend:
 A = Kills in this place as a percentage of kills in entire the game.
 B = Kills by you in this place as a percentage of kills by you in the entire game.
 C = Kills by friends in this place as a percentage of kills by friends in the entire game.
 D = Other kills in this place as a percentage of other kills in the entire game.
 E = Experience gained in this place as a percentage of experience gained in the entire game.
 F = Experience gained in this place divided by the number of levels of this place that you have seen.
                   A       B       C       D       E      F
               +-------+-------+-------+-------+-------+----------------------
         Total | 100.0 | 100.0 |   N/A |   N/A | 100.0 |  11.0
       Dungeon | 100.0 | 100.0 |   N/A |   N/A | 100.0 |  11.0
               +-------+-------+-------+-------+-------+----------------------

Table legend: (Time is in decaauts)
 A = Elapsed time spent in this place.
 B = Non-inter-level travel time spent in this place.
 C = Inter-level travel time spent in this place.
 D = Time resting spent in this place.
 E = Time spent auto-exploring this place.
 F = Levels seen in this place.
 G = Mean time per level.
                   A        B        C        D        E       F      G
               +--------+--------+--------+--------+--------+-----+--------+
         Total |    167 |    167 |      0 |      0 |    125 |   1 |  167.0 |
       Dungeon |    167 |    167 |      0 |      0 |    125 |   1 |  167.0 |
               +--------+--------+--------+--------+--------+-----+--------+

Top non-repeatable levels by time:
     D:1: 167 daAuts
